 Dungeon Crawl Stone Soup version 0.31-a0-446-g07c4bd200f (webtiles) character file.

Game seed: 17631439778123888160

331 Ethylacetat the Insei (level 6, 0/34 HPs)
             Began as a Vine Stalker Monk on Aug 3, 2023.
             Slain by a gnoll
             ... wielding a +0 spear
              (2 damage)
             ... on level 4 of the Dungeon.
             The game lasted 00:04:00 (2316 turns).

Ethylacetat the Insei (Vine Stalker Monk)           Turns: 2316, Time: 00:04:00

Health: 0/34       AC:  3    Str: 13      XL:     6   Next: 51%
Magic:  0/7        EV: 15    Int:  5 (10) God:
Gold:   145        SH:  0    Dex: 24 (25) Spells: 5/5 levels left

rFire   . . .        h - +2 dagger (venom)
rCold   . . .        c - orb {light}
rNeg    . . .        a - +0 robe
rPois   .            (no helmet)
rElec   .            d - +0 cloak
rCorr   .            (no gloves)
SInv    .            (no boots)
Will    +....        q - amulet of the acrobat
Stlth   +            k - +6 ring of dexterity
HPRegen 1.05/turn    v - ring of willpower
MPRegen 0.10/turn

%: acrobat, guardian spirit
@: glowing, very slow
A: fangs 2, regeneration 1, magic shield, antimagic bite, no potion heal 2
a: no special abilities


You were on level 4 of the Dungeon.
You visited 1 branch of the dungeon, and saw 4 of its levels.

You collected 145 gold pieces.

Inventory:

Hand Weapons
 h - a +2 dagger of venom (weapon)
Missiles
 f - 6 poisoned darts
Armour
 a - a +0 robe (worn)
 c - an orb of light (worn)
 d - a +0 cloak (worn)
Jewellery
 k - a +6 ring of dexterity (left hand)
 q - an amulet of the acrobat (around neck)
 r - a ring of resist corrosion
 v - a ring of willpower (right hand)
Scrolls
 e - a scroll of enchant armour {unknown}
 g - 4 scrolls of identify {unknown}
 j - 4 scrolls of fog {unknown}
 n - a scroll of enchant weapon {unknown}
 t - a scroll of vulnerability {unknown}
 w - a scroll of teleportation {unknown}
Potions
 b - 2 potions of ambrosia
 i - 2 potions of attraction {unknown}
 l - a potion of berserk rage {unknown}
 m - a potion of degeneration {unknown}
 o - 2 potions of curing {unknown}
 p - a potion of heal wounds {unknown}
 s - a potion of lignification {unknown}
 u - 3 potions of haste {unknown}


   Skills:
 + Level 4.3 Fighting
 + Level 3.9 Dodging
 + Level 4.7 Unarmed Combat


You had 5 spell levels left.
You didn't know any spells.
Your spell library contained the following spells:

 Spells                   Type           Power      Damage    Failure   Level
 Hailstorm                Conj/Ice       0%         3d3       85%         3
 Summon Ice Beast         Ice/Summ       0%         N/A       99%         4
 Simulacrum               Ice/Necr       0%         N/A       100%        6


Dungeon Overview and Level Annotations

Branches:
Dungeon (4/15)
 Temple: D:4-7

Altars:
Cheibriados
Gozag
Zin

Shops:
D:2 [   D:3 [


Innate Abilities, Weirdness & Mutations

You have extremely sharp teeth.
Your natural rate of healing is unusually fast.
When hurt, damage is shared between your health and your magic reserves.
Your bite disrupts and absorbs the magic of your enemies.
Potions cannot restore your health.


Message History

The gnoll is lightly wounded.
The gnoll hits you from afar with a +0 spear.
* * * LOW HITPOINT WARNING * * *
The gnoll barely misses you.
You are confused.
Your system rejects the healing.
You feel invigorated.
The gnoll hits you from afar with a +0 spear.
* * * LOW HITPOINT WARNING * * *
The gnoll hits you with a +0 spear!
* * * LOW HITPOINT WARNING * * *
You're too confused to move!
The gnoll completely misses you. The gnoll closely misses you.
You bump into the stone wall.
The gnoll hits you from afar with a +0 spear.
* * * LOW HITPOINT WARNING * * *
The gnoll barely misses you.
You hit the gnoll.
The gnoll looks even sicker.
The gnoll is heavily wounded.
The gnoll hits you but does no damage. The gnoll misses you.
You bump into the rock wall.
The gnoll closely misses you. The gnoll hits you with a +0 spear.
* * * LOW HITPOINT WARNING * * *
You hit the gnoll but do no damage. You bite the gnoll, but do no damage.
The gnoll is heavily wounded.
The gnoll hits you from afar with a +0 spear.
* * * LOW HITPOINT WARNING * * *
The gnoll misses you.
You bump into the stone wall.
You feel less invigorated.
You feel less confused.
The gnoll hits you from afar with a +0 spear.
* * * LOW HITPOINT WARNING * * *
The gnoll hits you but does no damage.
You completely miss the gnoll.
The gnoll is almost dead.
The gnoll closely misses you. The gnoll hits you with a +0 spear.
* * * LOW HITPOINT WARNING * * *
You hit the gnoll.
You kill the gnoll!
The gnoll hits you from afar with a +0 spear.
You die...

...............
...............
.............
...........
#J.....g# #g....#
#..J# #####.# .#
#.@)gJ# .# #.#####
.# #.# #.#
#.#####.########.###
#..................
#.########.#####.#
#.......# ######..#
#..#


You could see a gnoll and an endoplasm.

Vanquished Creatures
  Sigmund (D:2)
  A hound (D:3)
  An orc wizard (D:3)
  2 gnolls (D:4)
  4 adders
  A worm (D:2)
  A dart slug (D:1)
  3 orcs (D:3)
  4 bats
  7 endoplasms
  A giant cockroach (D:1)
  5 goblins
  4 hobgoblins
  2 jackals (D:2)
  A kobold (D:2)
  2 quokkas (D:2)
  5 ball pythons
  5 frilled lizards
  6 rats
56 creatures vanquished.

Notes
Turn   | Place    | Note
-------+----------+-------------------------------------------
     0 | D:1      | Ethylacetat the Vine Stalker Monk began the quest for the
                  | Orb.
     0 | D:1      | Reached XP level 1. HP: 11/11 MP: 2/2
    19 | D:1      | Found a faded altar of an unknown god.
    52 | D:1      | Prayed at the altar of an unknown god.
    52 | D:1      | Became a worshipper of Cheibriados the Contemplative
    52 | D:1      | Reached * piety under Cheibriados
    52 | D:1      | Reached ** piety under Cheibriados
    53 | D:1      | Fell from the grace of Cheibriados
   123 | D:1      | Reached XP level 2. HP: 9/16 MP: 3/3
   788 | D:2      | Found Umiug's Armour Shoppe.
   888 | D:2      | Reached XP level 3. HP: 20/20 MP: 4/4
  1046 | D:2      | Noticed Sigmund
  1055 | D:2      | Killed Sigmund
  1056 | D:2      | Gained mutation: Your natural rate of healing is unusually
                  | fast. [Vine Stalker growth]
  1056 | D:2      | Reached XP level 4. HP: 3/25 MP: 1/5
  1056 | D:2      | Reached XP level 5. HP: 4/29 MP: 1/6
  1414 | D:2      | Reached XP level 6. HP: 25/33 MP: 5/7
  1920 | D:3      | Found Izoirat's Antique Armour Shoppe.
  2144 | D:3      | Found an opulent altar of Gozag.
  2151 | D:3      | Found a glowing silver altar of Zin.
  2308 | D:4      | HP: 1/34 [gnoll/+0 spear (5)]
  2314 | D:4      | HP: 1/34 [gnoll/+0 spear (2)]
  2316 | D:4      | Slain by a gnoll

Illustrated notes

Levels and vault maps discovered:
D:1:      minmay_arrival_jagged, layout_basic, chequers_ecumenical_altar_island,
          minivault_24
D:2:      layout_loops_ring, serial_shops, shop, uniq_sigmund
D:3:      layout_loops_ring, pdpol_temple_overflow_zin_treasury_gozag_greed,
          serial_shops, nicolae_shop_tiny_real_fake_doors, minivault_23
D:4:      layout_loops_ring, serial_shops, shop, serial_rivers,
          chequers_serial_rivers_micro_d, chequers_serial_rivers_large_a,
          chequers_serial_rivers_small_3, chequers_serial_rivers_micro_b,
          nicolae_figureground_pulse, uniq_duvessa, uniq_edmund

Skill      XL: |  1  2  3 |
---------------+----------+-----
Fighting       | 3 4 |  4.3
Dodging        | 3 |  3.9
Unarmed Combat | 4 |  4.7

Action                     |  1- 3 |  4- 6 || total
---------------------------+-------+-------++-------
  Melee: Unarmed           |    14 |       ||    14
         Bite              |     9 |    19 ||    28
         Dagger            |    42 |    63 ||   105
 Invoke: Renounce Religion |     1 |       ||     1
  Evoke: Wand              |       |     1 ||     1
    Use: Potion            |       |     1 ||     1
   Stab: Sleeping          |     1 |     1 ||     2
 Armour: Robe              |     7 |    19 ||    26
  Dodge: Dodged            |    33 |    52 ||    85

Table legend: (Time is in decaauts)
 A = Elapsed time spent in this place.
 B = Non-inter-level travel time spent in this place.
 C = Inter-level travel time spent in this place.
 D = Time resting spent in this place.
 E = Time spent auto-exploring this place.
 F = Levels seen in this place.
 G = Mean time per level.
                   A        B        C        D        E       F      G
               +--------+--------+--------+--------+--------+-----+--------+
         Total |   3344 |   3298 |     46 |      2 |   2873 |   4 |  836.0 |
       Dungeon |   3344 |   3298 |     46 |      2 |   2873 |   4 |  836.0 |
               +--------+--------+--------+--------+--------+-----+--------+

Top non-repeatable levels by time:
     D:1: 1120 daAuts
     D:2: 1098 daAuts
     D:3: 1064 daAuts
     D:4: 61 daAuts
